 Dungeon Crawl Stone Soup version 0.29.1-13-g9f3cf754e1 (webtiles) character file.

Game seed: 4803372715814277390

1831 cheesebisquit the Frost Mage (level 9, 0/70 HPs)
             Began as a Barachi Ice Elementalist on Jan 29, 2023.
             Slain by a vampire (1 damage)
             ... on level 6 of the Dungeon on Jan 30, 2023.
             The game lasted 00:26:03 (5239 turns).

cheesebisquit the Frost Mage (BaIE)                 Turns: 5239, Time: 00:26:03

Health: 0/70       AC: 14    Str:  8 (9)  XL:     9   Next: 11%
Magic:  9/29       EV: 12    Int: 25 (26) God:
Gold:   288        SH:  0    Dex: 11 (13) Spells: 16/23 levels left

rFire   . . .      SeeInvis .   g - +1 war axe (vamp)
rCold   . . .      Faith    .   (no shield)
rNeg    . . .      Spirit   .   a - +0 robe
rPois   .          Reflect  .   y - +2 helmet
rElec   .          Harm     .   (no cloak)
rCorr   .          Rampage  .   (no gloves)
Will    .....                   (no boots)
Stlth   ++........              m - amulet of regeneration
HPRegen 1.01/turn               l - +6 ring of intelligence
MPRegen 0.21/turn               r - ring of magical power

@: ice-armoured, freezing walls, slow
A: amphibious, slowness 1, strong legs 1, +LOS
a: Hop


You were on level 6 of the Dungeon.
You visited 1 branch of the dungeon, and saw 6 of its levels.

You collected 288 gold pieces.

Inventory:

Hand Weapons
 f - a +0 dagger
 g - a +1 vampiric war axe (weapon)
 i - a +2 dagger of speed
 n - a +0 whip
 x - a +3 spectral club
 B - the +9 dagger of the Five Nightcaps {holy, Fly rN+ rCorr Dex-2}
   (You found it on level 5 of the Dungeon)

   It has been blessed by the Shining One to cause great damage to the undead
   and demons.
   Dex:       It affects your dexterity (-2).
   rN:        It protects you from negative energy.
   Fly:       It grants you flight.
   rCorr:     It protects you from acid and corrosion.
 D - a +0 quarterstaff
Missiles
 o - 14 poisoned darts
Armour
 a - a +0 robe (worn)
 t - a +0 kite shield
 y - a +2 helmet (worn)
 E - a +0 chain mail of poison resistance
Jewellery
 l - a +6 ring of intelligence (left hand)
 m - an amulet of regeneration (around neck)
 r - a ring of magical power (right hand)
 v - a ring of fire
 G - a ring of poison resistance
Wands
 q - a wand of quicksilver (6)
Scrolls
 d - a scroll of noise {unknown}
 e - a scroll of blinking {unknown}
 k - a scroll of torment {unknown}
 p - a scroll of magic mapping {unknown}
 z - 4 scrolls of identify
 A - a scroll of teleportation {unknown}
Potions
 b - a potion of magic
 s - a potion of degeneration
 u - a potion of berserk rage
 C - a potion of might {unknown}
 F - a potion of ambrosia {unknown}


   Skills:
 + Level 6.3 Fighting
 - Level 2.1 Dodging
 - Level 1.7 Stealth
 + Level 7.5 Spellcasting
 + Level 9.8 Ice Magic


You had 16 spell levels left.
You knew the following spells:

 Your Spells              Type           Power      Damage    Failure   Level
a - Freeze                Ice            100%       1d11      1%          1
b - Frozen Ramparts       Ice            100%       1d16      1%          3
c - Ozocubu's Armour      Ice            56%        N/A       1%          3

Your spell library contained the following spells:

 Spells                   Type           Power      Damage    Failure   Level
 Hailstorm                Conj/Ice       34%        3d9       9%          4
 Summon Guardian Golem    Hex/Summ       9%         N/A       19%         3
 Orb of Destruction       Conj           4%         9d5       100%        7
 Spellforged Servitor     Conj/Summ      4%         N/A       100%        7


Dungeon Overview and Level Annotations

Branches:
Dungeon (6/15)
 Temple: D:4-7

Altars:
Yredelemnul

Shops:
D:5 (

Annotations:
D:1 2 transporters


Innate Abilities, Weirdness & Mutations

You are amphibious.
You cover ground slowly.
You can hop short distances.
You have an extended range of vision and can be seen from far away.


Message History

Something hits you! Something bites you!
* * * LOW HITPOINT WARNING * * *
Something draws strength from your injuries!
Casting: Freeze (safe; 1% risk of failure)
Confirm with . or Enter, or press ? or * to list all spells.
Casting: Frozen Ramparts (safe; 1% risk of failure)
Press: ? - help, Dir - look around, f - activate
There is a cloud of grey smoke here.
The walls around you are covered in ice.
The wall freezes the water moccasin.
The water moccasin seems to slow down.
The wall freezes the orc priest.
The orc priest hits you but does no damage.
The wall freezes the orc but does no damage.
The wall freezes something!
Something hits you!
* * * LOW HITPOINT WARNING * * *
Something bites you.
* * * LOW HITPOINT WARNING * * *
Something draws strength from your injuries!
The wall freezes the water moccasin!
The water moccasin seems to slow down.
The wall freezes the water moccasin!
You kill the water moccasin!
As you read the scroll labelled RANINK RUNESY, it crumbles to dust.
It is a scroll of identify.
u - a potion of berserk rage The wall freezes something.
You hear some strange, mumbled words.
Something tries to affect you, but you resist.
The wall freezes the orc priest!
You kill the orc priest!
The wall freezes the orc.
Okay, then.
As you read the scroll labelled MEUDI SEES, it crumbles to dust.
It is a scroll of amnesia.
Really abort (and waste the scroll)?
Okay, then.
The wall freezes something but does no damage.
Something hits you!
* * * LOW HITPOINT WARNING * * *
Something bites you.
You die...

###### ...... ....... ###
###§...... ....########
#@{§......
...........#####o#§......
.........)....§oo#.......
?.......<......§§....#...
....<.....!.....o....# ..
...........####o#.##.....
............. ....# #.h.
....##.##........## ..
#... #. .........# .


You could see 3 orcs.

Vanquished Creatures
  Grinder (D:4)
  Sigmund (D:2)
  A water moccasin (D:6)
  An ice beast (D:6)
  2 phantoms (D:5)
  A bullfrog (D:6)
  2 scorpions (D:5)
  A wight (D:6)
  4 killer bees (D:6)
  2 howler monkeys (D:6)
  A jelly (D:4)
  3 orc priests
  3 hounds
  3 iguanas (D:5)
  Terence (D:2)
  2 orc wizards (D:5)
  Robin (D:3)
  4 gnolls
  9 adders
  A worm (D:3)
  2 dart slugs
  14 orcs
  4 ball pythons
  9 endoplasms
  7 giant cockroaches
  18 goblins
  10 hobgoblins
  6 jackals (D:1)
  6 quokkas
  5 bats
  3 frilled lizards
  5 kobolds
  3 rats
136 creatures vanquished.

Notes
Turn   | Place    | Note
-------+----------+-------------------------------------------
     0 | D:1      | cheesebisquit the Barachi Ice Elementalist began the quest
                  | for the Orb.
     0 | D:1      | Reached XP level 1. HP: 13/13 MP: 3/3
    87 | D:1      | Reached skill level 5 in Ice Magic
   153 | D:1      | Reached XP level 2. HP: 16/19 MP: 0/5
   864 | D:1      | Reached XP level 3. HP: 24/24 MP: 5/7
  1395 | D:2      | Found a basalt altar of Yredelemnul.
  1520 | D:2      | Learned a level 3 spell: Frozen Ramparts
  1547 | D:2      | Reached XP level 4. HP: 30/30 MP: 6/9
  1710 | D:2      | Noticed Terence
  1717 | D:2      | Killed Terence
  1718 | D:2      | Reached skill level 6 in Ice Magic
  1827 | D:2      | Noticed Sigmund
  1908 | D:2      | Killed Sigmund
  1909 | D:2      | Reached skill level 7 in Ice Magic
  1909 | D:2      | Reached XP level 5. HP: 35/35 MP: 7/12
  1909 | D:2      | Reached XP level 6. HP: 41/41 MP: 7/13
  2237 | D:2      | Found a faded altar of an unknown god.
  2744 | D:3      | Noticed Robin
  2750 | D:3      | Learned a level 3 spell: Ozocubu's Armour
  2757 | D:3      | Killed Robin
  2763 | D:3      | Reached skill level 5 in Spellcasting
  3277 | D:4      | Noticed Grinder
  3305 | D:4      | Killed Grinder
  3306 | D:4      | Reached XP level 7. HP: 34/51 MP: 10/15
  3645 | D:4      | Reached skill level 8 in Ice Magic
  3770 | D:4      | You fall into a shaft and drop 1 floor!
  3770 | D:5      | Entered Level 5 of the Dungeon
  3771 | D:5      | Identified the +9 dagger of the Five Nightcaps {holy, Fly
                  | rN+ rCorr Dex-2}
  4279 | D:5      | Found Ciuthregu's Weapon Shoppe.
  4361 | D:5      | Reached XP level 8. HP: 45/60 MP: 17/17
  5148 | D:6      | Reached skill level 9 in Ice Magic
  5156 | D:6      | Reached skill level 5 in Fighting
  5210 | D:6      | Noticed a vampire
  5231 | D:6      | Reached XP level 9. HP: 20/69 MP: 10/20
  5239 | D:6      | HP: 1/70 [something (8)]
  5239 | D:6      | Slain by a vampire

Illustrated notes

Levels and vault maps discovered:
D:1:      spicycebolla_arrival_transporter_tutorial, layout_basic,
          serial_curves, eino_curves_04, eino_curves_01, eino_curves_03,
          hangedman_abyss_or_decor_stabs
D:2:      layout_basic, chequers_ecumenical_altar_grove, basic_altar,
          minmay_puff, uniq_sigmund, uniq_terence
D:3:      layout_loops_cross, uniq_robin
D:4:      layout_basic, hex_tiny, uniq_grinder
D:5:      layout_gridville, serial_shops, nicolae_shop_advertising_works
          [nicolae_subvault_shop_adworks]
D:6:      layout_rooms, minmay_microvault

Skill      XL: |  1  2  3  4  5  6  7  8 |
---------------+-------------------------+-----
Ice Magic      | 5 7 8 9 |  9.8
Spellcasting   | 3 4 5 6 7 |  7.5
Fighting       | 2 3 6 |  6.3
Dodging        | |  2.1
Stealth        | |  1.7

Action                   |  1- 3 |  4- 6 |  7- 9 || total
-------------------------+-------+-------+-------++-------
Melee: Unarmed           |    22 |       |       ||    22
       War axe           |    20 |    29 |    58 ||   107
       Punch             |     1 |       |       ||     1
Throw: Dart              |       |     7 |       ||     7
 Cast: Freeze            |    44 |    66 |    79 ||   189
       Frozen Ramparts   |       |     4 |    10 ||    14
       Ozocubu's Armour  |       |     1 |     6 ||     7
 Abil: Hop               |       |       |     4 ||     4
Evoke: Wand              |       |     2 |       ||     2
  Use: Scroll            |       |     1 |     3 ||     4
       Potion            |       |       |     5 ||     5
 Stab: Sleeping          |     1 |       |       ||     1
Armor: Robe              |    21 |    20 |    75 ||   116
Dodge: Dodged            |    55 |    66 |   123 ||   244
